AoeStats
← 太阳雨

Arena

508931858Analyzed
4v4 RM · 8d ago on Sep 24, 2026· 43m 58s· 8 players
Game mode
Random Map
Map size
Large (8 player)
Population
200
Speed
Normal
Resources
Standard
Victory
Conquest
Starting age
Dark Age
Ending age
Imperial Age
RankedLock teamsTeams togetherTeam positionsShared explorationLock speedFull tech treeHidden civsTurbo modeCheats
Victory
Defeat
🇧🇷 Cumans · Brazil
1157
+13
🇷🇺 Romans · Russia
1148
+14
🇩🇪 Turks · Germany
1096
+15
🇹🇷 Magyars · Türkiye
1096
+16
🇨🇳 Poles · China
1138
-16
🇨🇳 Britons · China
1135
-16
🇨🇳 Celts · China
1127
-16
🇨🇳 Goths · China
983
-10
[-----3cm-----]
10:47 Feudal Age
12:37 Horse Collar
15:39 Castle Age
13:48 Double-Bit Axe
19:43 Loom
23:46 Bow Saw
24:08 Heavy Plow
28:52 Imperial Age
26:18 Gold Mining
27:12 Wheelbarrow
26:35 Town Watch
26:56 Scale Mail Armor
27:37 Forging
28:08 Gold Shaft Mining
28:23 Chain Mail Armor
27:32 Man-at-Arms
28:12 Squires
28:38 Hand Cart
29:05 Town Patrol
29:55 Comitatenses
29:59 Conscription
29:03 Long Swordsman
30:32 Iron Casting
30:52 Crop Rotation
30:30 Stone Mining
30:19 Legionary
30:28 Capped Ram
32:32 Blast Furnace
31:04 Pikeman
32:23 Siege Ram
33:36 Halberdier
Sir Swinag
9:16 Feudal Age
16:36 Castle Age
14:57 Double-Bit Axe
15:20 Horse Collar
17:37 Bow Saw
19:05 Heavy Plow
25:18 Gold Mining
31:10 Imperial Age
31:34 Wheelbarrow
30:44 Town Watch
30:45 Loom
31:55 Artillery
31:23 Elite Janissary
32:08 Artillery
31:39 Elite Janissary
32:24 Padded Archer Armor
35:09 Leather Archer Armor
35:00 Scale Barding Armor
37:54 Bloodlines
38:59 Chain Barding Armor
40:35 Ring Archer Armor
40:40 Plate Barding Armor
40:17 Forging
Bilugo
6:16 Loom
8:48 Feudal Age
9:33 Double-Bit Axe
9:29 Horse Collar
17:22 Wheelbarrow
21:18 Castle Age
20:45 Man-at-Arms
21:26 Scale Mail Armor
21:36 Forging
21:53 Gold Mining
21:26 Long Swordsman
21:37 Capped Ram
22:45 Chain Mail Armor
25:03 Iron Casting
25:20 Pikeman
27:31 Squires
36:48 Imperial Age
34:27 Scale Barding Armor
34:33 Light Cavalry
35:23 Bloodlines
36:25 Chain Barding Armor
37:08 Steppe Husbandry
37:34 Heavy Plow
37:45 Bow Saw
37:53 Halberdier
39:09 Hand Cart
40:03 Two-Man Saw
39:53 Crop Rotation
39:49 Hussar
42:50 Plate Mail Armor
42:56 Plate Barding Armor
43:25 Blast Furnace
44:18 Conscription
43:54 Arson
R1D1
5:57 Loom
11:45 Feudal Age
15:46 Castle Age
13:48 Horse Collar
13:55 Double-Bit Axe
14:42 Stone Mining
19:36 Bow Saw
23:59 Heavy Plow
23:59 Gold Mining
27:01 Wheelbarrow
30:43 Imperial Age
30:46 Hand Cart
30:40 Town Watch
31:05 Scale Barding Armor
31:02 Padded Archer Armor
30:54 Fletching
31:49 Gold Shaft Mining
31:31 Bloodlines
31:21 Husbandry
32:21 Corvinian Army
31:44 Elite Magyar Huszar
32:45 Conscription
32:19 Light Cavalry
33:08 Town Patrol
33:29 Chain Barding Armor
34:31 Chemistry
33:51 Ballistics
33:42 Masonry
33:38 Hussar
37:38 Cavalier
39:56 Plate Barding Armor
39:14 Fletching
39:25 Padded Archer Armor
39:14 Arson
40:46 Paladin
43:24 Crop Rotation
43:26 Bodkin Arrow
43:46 Leather Archer Armor
43:32 Scale Mail Armor
43:54 Ballistics
43:15 Treadmill Crane
43:31 Murder Holes
1802390869
10:24 Feudal Age
12:53 Double-Bit Axe
15:28 Castle Age
13:36 Horse Collar
15:40 Double-Bit Axe
17:09 Bow Saw
18:09 Loom
19:00 Heavy Plow
19:04 Scale Mail Armor
19:15 Forging
19:12 Stone Mining
19:16 Gold Mining
23:53 Wheelbarrow
28:08 Chain Mail Armor
29:21 Iron Casting
39:13 Imperial Age
39:18 Elite Woad Raider
41:05 Plate Mail Armor
42:24 Conscription
仌
10:32 Feudal Age
17:00 Castle Age
14:59 Double-Bit Axe
17:02 Loom
19:50 Wheelbarrow
23:19 Pikeman
25:31 Gold Mining
25:39 Stone Mining
26:03 Horse Collar
30:31 Imperial Age
28:20 Squires
29:15 Gold Shaft Mining
30:48 Bow Saw
31:30 Heavy Plow
32:33 Two-Man Saw
31:57 Hand Cart
32:30 Halberdier
32:35 Halberdier
35:01 Warwolf
35:25 Yeomen
37:35 Elite Skirmisher
37:35 Crossbowman
从良
10:33 Feudal Age
14:58 Castle Age
12:44 Horse Collar
13:35 Double-Bit Axe
17:02 Bow Saw
17:09 Heavy Plow
22:51 Wheelbarrow
22:13 Stone Mining
22:14 Gold Mining
23:01 Loom
24:17 Hand Cart
27:01 Forging
29:47 Imperial Age
27:02 Treadmill Crane
28:53 Stone Shaft Mining
28:35 Szlachta Privileges
29:11 Scale Barding Armor
29:41 Iron Casting
29:11 Scale Barding Armor
29:17 Town Watch
30:15 Chain Barding Armor
30:28 Bloodlines
30:18 Husbandry
29:59 Cavalier
31:11 Conscription
32:01 Chemistry
32:21 Blast Furnace
32:55 Crop Rotation
33:53 Siege Engineers
34:33 Town Patrol
太阳雨
10:50 Feudal Age
12:07 Wheelbarrow
11:34 Horse Collar
12:51 Double-Bit Axe
15:32 Stone Mining
21:59 Castle Age
20:40 Forging
21:59 Gold Mining
23:26 Man-at-Arms
25:48 Hand Cart
26:44 Bow Saw
33:01 Hand Cart
42:04 Hand Cart
42:12 Hand Cart
Connection lost

Rejoining the realm…

Still unreachable

The connection could not be restored.

Session expired

The server has moved on; the page needs a fresh start.